General information
- name: BNet
- type: Ladder team game (AT/RT)
- host: Battle.net
- saver: MuhNlg.guh
map: Deadlock
- players: 8
- length: 31:01
- speed: Fast
- version: 1.26 W3XP
- replay type: Public
» download(158 KB)
Players
team 1 (loser)
skizzymars. (
teal | 33 APM | 622 actions | 19:00)
3 Dark Ranger
2 Black Arrow
1 Silence
» actions
| Assign group hotkey | 4 | |
| Basic commands | 3 | |
| Build / train | 46 | |
| Enter build submenu | 16 | |
| Enter hero's abilities submenu | 4 | |
| Remove unit from queue | 2 | |
| Right click | 289 | |
| Select / deselect | 210 | |
| Select group hotkey | 18 | |
| Use ability | 30 | |
622 total
» units
| Acolyte | 6 | |
| Ghoul | 16 | |
| Gargoyle | 2 | |
| Necromancer | 1 | |
25 total
» upgrades
| Creature Attack | 2 | |
| Unholy Strength | 2 | |
| Ghoul Frenzy | 1 | |
| Unholy Armor | 1 | |
| Necromancer Training | 2 | |
| Skeletal Longevity | 1 | |
9 total
» buildings
| Crypt | 2 | |
| Ziggurat | 6 | |
| Altar of Darkness | 1 | |
| Tomb of Relics | 1 | |
| Halls of the Dead | 1 | |
| Graveyard | 1 | |
| Black Citadel | 1 | |
| Temple of the Damned | 2 | |
15 total
» build order
00:14 Crypt
00:16 Ziggurat
00:45 Altar of Darkness
01:02 Crypt
01:39 Ziggurat
01:42 Ziggurat
02:29 Ziggurat
02:46 Tomb of Relics
04:39 Halls of the Dead
05:08 Graveyard
06:04 Ziggurat
08:06 Ziggurat
08:37 Black Citadel
11:22 Temple of the Damned
11:23 Temple of the Damned
» items
| Rod of Necromancy | 1 | |
| Dust of Appearance | 1 | |
| Orb of Corruption | 1 | |
| Scroll of Town Portal | 1 | |
4 total
MuhNlg.guh (
purple | 84 APM | 2600 actions | 31:01)
8 Archmage
3 Summon Water Elemental
3 Brilliance Aura
1 Mass Teleport
1 Blizzard
» actions
| Assign group hotkey | 140 | |
| Basic commands | 121 | |
| Build / train | 159 | |
| Enter build submenu | 60 | |
| Enter hero's abilities submenu | 8 | |
| Give item / drop item | 4 | |
| Right click | 913 | |
| Select / deselect | 306 | |
| Select group hotkey | 636 | |
| Use ability | 253 | |
2600 total
» units
| Peasant | 20 | |
| Footman | 3 | |
| Dragonhawk Rider | 4 | |
| Gryphon Rider | 9 | |
| Knight | 1 | |
37 total
» upgrades
| Lumber Harvesting | 1 | |
| Masonry | 3 | |
| Swords | 3 | |
| Armor | 3 | |
| Animal War Training | 1 | |
| Cloud | 1 | |
| Storm Hammers | 1 | |
| Plating | 1 | |
| Gunpowder | 1 | |
15 total
» buildings
| Altar of Kings | 1 | |
| Barracks | 1 | |
| Farm | 9 | |
| Arcane Vault | 1 | |
| Town Hall | 4 | |
| Scout Tower | 37 | |
| Arcane Tower | 8 | |
| Keep | 1 | |
| Blacksmith | 1 | |
| Lumber Mill | 1 | |
| Guard Tower | 54 | |
| Castle | 3 | |
| Gryphon Aviary | 2 | |
123 total
» build order
00:34 Altar of Kings
00:42 Barracks
00:51 Farm
01:23 Farm
01:28 Farm
02:04 Arcane Vault
02:06 Farm
03:52 Town Hall
03:55 Scout Tower
05:05 Arcane Tower
05:06 Keep
05:59 Blacksmith
06:13 Scout Tower
06:13 Scout Tower
06:17 Scout Tower
06:17 Scout Tower
06:18 Scout Tower
06:20 Scout Tower
06:47 Lumber Mill
07:16 Guard Tower
07:18 Guard Tower
07:18 Guard Tower
07:20 Scout Tower
07:22 Scout Tower
07:55 Castle
07:55 Castle
08:26 Guard Tower
08:26 Guard Tower
08:26 Guard Tower
08:34 Scout Tower
08:35 Scout Tower
08:40 Gryphon Aviary
08:45 Gryphon Aviary
08:54 Scout Tower
08:55 Scout Tower
09:19 Guard Tower
09:19 Guard Tower
09:19 Guard Tower
09:49 Guard Tower
09:49 Guard Tower
09:49 Guard Tower
09:59 Scout Tower
10:00 Scout Tower
10:36 Guard Tower
10:37 Guard Tower
10:37 Guard Tower
10:42 Farm
10:46 Farm
11:03 Farm
11:04 Farm
13:01 Farm
21:31 Guard Tower
21:31 Guard Tower
21:31 Guard Tower
21:35 Guard Tower
21:35 Guard Tower
23:03 Scout Tower
23:04 Scout Tower
23:04 Scout Tower
23:05 Scout Tower
23:06 Scout Tower
23:06 Scout Tower
23:40 Town Hall
23:42 Scout Tower
23:43 Scout Tower
23:45 Guard Tower
23:45 Guard Tower
23:45 Guard Tower
24:05 Scout Tower
24:08 Scout Tower
24:13 Guard Tower
24:13 Guard Tower
24:40 Guard Tower
24:41 Guard Tower
24:41 Guard Tower
24:58 Town Hall
25:00 Scout Tower
25:01 Scout Tower
25:02 Scout Tower
25:05 Scout Tower
25:09 Scout Tower
25:12 Scout Tower
25:16 Guard Tower
25:16 Guard Tower
25:22 Town Hall
25:23 Scout Tower
25:49 Scout Tower
25:50 Scout Tower
25:52 Scout Tower
25:52 Guard Tower
25:52 Guard Tower
25:56 Guard Tower
25:57 Guard Tower
25:58 Guard Tower
25:59 Guard Tower
26:09 Scout Tower
26:12 Scout Tower
26:19 Guard Tower
26:20 Guard Tower
26:20 Guard Tower
27:36 Arcane Tower
27:36 Arcane Tower
27:49 Arcane Tower
27:49 Arcane Tower
» items
| Scroll of Regeneration | 3 | |
| Mechanical Critter | 3 | |
| Potion of Lesser Invulnerability | 1 | |
| Periapt of Vitality | 2 | |
| Staff of Teleportation | 1 | |
| Potion of Healing | 2 | |
| Scroll of Town Portal | 1 | |
| Orb of Corruption | 1 | |
| Ivory Tower | 2 | |
16 total
sunshine27 (
orange | 14 APM | 419 actions | 30:39)
4 Shadow Hunter
2 Hex
2 Healing Wave
» actions
| Basic commands | 25 | |
| Build / train | 57 | |
| Enter build submenu | 16 | |
| Enter hero's abilities submenu | 4 | |
| Right click | 88 | |
| Select / deselect | 160 | |
| Use ability | 69 | |
419 total
» units
| Peon | 12 | |
| Grunt | 10 | |
| Raider | 18 | |
| Troll Batrider | 1 | |
41 total
» upgrades
| Melee Weapons | 2 | |
| Armor | 1 | |
| Pillage | 1 | |
| Ensnare | 1 | |
5 total
» buildings
| Orc Burrow | 7 | |
| Altar of Storms | 1 | |
| Barracks | 1 | |
| War Mill | 1 | |
| Voodoo Lounge | 1 | |
| Stronghold | 1 | |
| Beastiary | 2 | |
| Great Hall | 1 | |
| Watch Tower | 1 | |
16 total
» build order
00:07 Orc Burrow
00:09 Altar of Storms
01:07 Barracks
01:25 Orc Burrow
01:49 War Mill
02:32 Voodoo Lounge
03:28 Orc Burrow
05:00 Stronghold
05:08 Orc Burrow
08:24 Beastiary
08:27 Beastiary
08:32 Orc Burrow
10:08 Orc Burrow
10:31 Orc Burrow
12:36 Great Hall
20:25 Watch Tower
» items
| Scroll of Town Portal | 1 | |
| Scroll of Speed | 1 | |
| Lesser Clarity Potion | 2 | |
| Potion of Lesser Invulnerability | 1 | |
5 total
FCB (
red | 18 APM | 338 actions | 18:36)
3 Crypt Lord
2 Impale
1 Carrion Beetles
» actions
| Build / train | 63 | |
| Enter build submenu | 15 | |
| Enter hero's abilities submenu | 3 | |
| Right click | 61 | |
| Select / deselect | 152 | |
| Use ability | 44 | |
338 total
» units
| Acolyte | 2 | |
| Ghoul | 3 | |
| Crypt Fiend | 11 | |
| Obsidian Statue | 4 | |
| Necromancer | 18 | |
38 total
» upgrades
| Creature Attack | 2 | |
| Creature Carapace | 2 | |
| Web | 1 | |
| Necromancer Training | 2 | |
7 total
» buildings
| Ziggurat | 6 | |
| Altar of Darkness | 1 | |
| Crypt | 1 | |
| Tomb of Relics | 1 | |
| Graveyard | 1 | |
| Nerubian Tower | 1 | |
| Halls of the Dead | 1 | |
| Black Citadel | 1 | |
| Slaughterhouse | 1 | |
| Temple of the Damned | 1 | |
| Spirit Tower | 5 | |
20 total
» build order
00:47 Ziggurat
00:50 Altar of Darkness
00:56 Crypt
01:09 Ziggurat
01:29 Tomb of Relics
01:37 Graveyard
01:48 Nerubian Tower
03:27 Halls of the Dead
03:41 Ziggurat
05:52 Black Citadel
06:29 Slaughterhouse
06:52 Temple of the Damned
06:59 Ziggurat
10:33 Ziggurat
10:36 Ziggurat
17:17 Spirit Tower
17:27 Spirit Tower
17:27 Spirit Tower
17:28 Spirit Tower
» items
| Rod of Necromancy | 2 | |
| Scroll of Town Portal | 1 | |
| Potion of Healing | 1 | |
| Potion of Mana | 2 | |
6 total
team 2 (winner)
OldManAsia (
pink | 60 APM | 1779 actions | 29:24)
4 Paladin
2 Holy Light
2 Divine Shield
» actions
| Assign group hotkey | 27 | |
| Basic commands | 78 | |
| Build / train | 77 | |
| ESC pressed | 1 | |
| Enter build submenu | 30 | |
| Enter hero's abilities submenu | 4 | |
| Give item / drop item | 2 | |
| Remove unit from queue | 2 | |
| Right click | 880 | |
| Select / deselect | 366 | |
| Select group hotkey | 240 | |
| Use ability | 72 | |
1779 total
» units
| Peasant | 13 | |
| Rifleman | 18 | |
| Gryphon Rider | 6 | |
37 total
» upgrades
| Gunpowder | 2 | |
| Armor | 3 | |
| Long Rifles | 1 | |
| Masonry | 3 | |
| Lumber Harvesting | 1 | |
| Swords | 3 | |
| Animal War Training | 1 | |
| Storm Hammers | 1 | |
15 total
» buildings
| Altar of Kings | 1 | |
| Farm | 13 | |
| Blacksmith | 1 | |
| Barracks | 1 | |
| Lumber Mill | 2 | |
| Arcane Vault | 1 | |
| Town Hall | 2 | |
| Scout Tower | 4 | |
| Keep | 1 | |
| Guard Tower | 2 | |
| Arcane Tower | 1 | |
| Castle | 1 | |
| Gryphon Aviary | 4 | |
34 total
» build order
00:52 Altar of Kings
01:05 Farm
01:16 Blacksmith
01:25 Farm
01:28 Barracks
02:03 Farm
02:04 Farm
02:08 Lumber Mill
02:46 Farm
03:17 Arcane Vault
03:51 Farm
04:27 Farm
05:38 Town Hall
05:54 Scout Tower
06:45 Keep
06:50 Scout Tower
06:51 Scout Tower
06:54 Scout Tower
07:22 Guard Tower
07:24 Guard Tower
07:31 Arcane Tower
08:06 Farm
13:27 Town Hall
22:45 Lumber Mill
24:00 Castle
25:15 Gryphon Aviary
25:18 Gryphon Aviary
25:19 Gryphon Aviary
25:22 Gryphon Aviary
26:47 Farm
26:48 Farm
26:50 Farm
26:53 Farm
26:54 Farm
» items
| Scroll of Regeneration | 2 | |
| Lesser Clarity Potion | 2 | |
| Potion of Healing | 1 | |
| Scroll of Town Portal | 1 | |
| Periapt of Vitality | 2 | |
| Scroll of Healing | 2 | |
| Boots of Speed | 1 | |
| Staff of Teleportation | 1 | |
| Orb of Fire | 1 | |
13 total
GutEatinInjun (
yellow | 41 APM | 1233 actions | 30:04)
7 Archmage
3 Summon Water Elemental
3 Brilliance Aura
1 Mass Teleport
» actions
| Assign group hotkey | 104 | |
| Basic commands | 36 | |
| Build / train | 70 | |
| Enter build submenu | 24 | |
| Enter hero's abilities submenu | 8 | |
| Give item / drop item | 1 | |
| Remove unit from queue | 1 | |
| Right click | 499 | |
| Select / deselect | 267 | |
| Select group hotkey | 160 | |
| Use ability | 63 | |
1233 total
» units
| Peasant | 19 | |
| Footman | 4 | |
| Gryphon Rider | 7 | |
30 total
» upgrades
| Lumber Harvesting | 2 | |
| Swords | 3 | |
| Armor | 3 | |
| Masonry | 2 | |
| Barrage | 1 | |
| Animal War Training | 1 | |
| Storm Hammers | 1 | |
| Flak Cannons | 1 | |
| Gunpowder | 3 | |
| Plating | 3 | |
| Fragmentation Shards | 1 | |
| Cloud | 1 | |
22 total
» buildings
| Altar of Kings | 1 | |
| Barracks | 1 | |
| Farm | 6 | |
| Scout Tower | 1 | |
| Keep | 1 | |
| Arcane Vault | 2 | |
| Arcane Tower | 1 | |
| Town Hall | 3 | |
| Lumber Mill | 2 | |
| Castle | 1 | |
| Gryphon Aviary | 3 | |
| Blacksmith | 2 | |
| Workshop | 3 | |
27 total
» build order
00:37 Altar of Kings
00:39 Barracks
00:50 Farm
00:52 Farm
00:54 Farm
01:04 Farm
01:45 Farm
03:11 Scout Tower
03:46 Keep
04:09 Arcane Vault
04:11 Arcane Tower
04:17 Town Hall
05:23 Lumber Mill
06:11 Castle
08:27 Gryphon Aviary
08:29 Gryphon Aviary
08:32 Gryphon Aviary
08:36 Blacksmith
08:40 Blacksmith
09:35 Farm
10:14 Workshop
10:17 Workshop
10:21 Workshop
12:09 Arcane Vault
13:37 Town Hall
17:46 Lumber Mill
22:03 Town Hall
» items
| Scroll of Town Portal | 1 | |
| Boots of Speed | 1 | |
| Mechanical Critter | 2 | |
| Staff of Teleportation | 1 | |
5 total
WHITE.WALTER. (
green | 55 APM | 1714 actions | 31:01)
6 Blood Mage
2 Banish
3 Flame Strike
1 Summon Phoenix
» actions
| Assign group hotkey | 63 | |
| Basic commands | 45 | |
| Build / train | 90 | |
| Enter build submenu | 25 | |
| Enter hero's abilities submenu | 6 | |
| Give item / drop item | 2 | |
| Remove unit from queue | 1 | |
| Right click | 654 | |
| Select / deselect | 227 | |
| Select group hotkey | 470 | |
| Use ability | 131 | |
1714 total
» units
| Peasant | 26 | |
| Footman | 4 | |
| Dragonhawk Rider | 10 | |
| Gryphon Rider | 3 | |
43 total
» upgrades
| Masonry | 3 | |
| Lumber Harvesting | 1 | |
4 total
» buildings
| Altar of Kings | 1 | |
| Barracks | 1 | |
| Farm | 12 | |
| Scout Tower | 33 | |
| Lumber Mill | 1 | |
| Arcane Tower | 2 | |
| Town Hall | 2 | |
| Keep | 2 | |
| Guard Tower | 12 | |
| Arcane Vault | 2 | |
| Gryphon Aviary | 4 | |
| Castle | 1 | |
73 total
» build order
00:07 Altar of Kings
00:20 Barracks
00:36 Farm
00:54 Farm
01:30 Scout Tower
01:46 Farm
02:39 Lumber Mill
02:50 Arcane Tower
02:50 Arcane Tower
04:01 Town Hall
04:02 Scout Tower
04:03 Scout Tower
04:35 Keep
05:09 Guard Tower
05:47 Scout Tower
05:47 Scout Tower
05:48 Scout Tower
05:51 Scout Tower
05:51 Scout Tower
06:01 Arcane Vault
06:24 Guard Tower
06:24 Guard Tower
07:34 Guard Tower
07:38 Scout Tower
07:38 Scout Tower
07:38 Scout Tower
07:39 Scout Tower
08:25 Guard Tower
09:10 Scout Tower
09:10 Scout Tower
09:11 Scout Tower
09:12 Scout Tower
09:12 Scout Tower
09:12 Scout Tower
09:57 Guard Tower
10:15 Scout Tower
10:16 Scout Tower
10:16 Scout Tower
10:16 Scout Tower
10:17 Scout Tower
10:18 Scout Tower
10:18 Scout Tower
10:19 Guard Tower
10:53 Guard Tower
11:56 Gryphon Aviary
11:56 Gryphon Aviary
12:32 Scout Tower
12:33 Scout Tower
12:33 Scout Tower
12:34 Scout Tower
12:34 Scout Tower
12:34 Scout Tower
12:47 Farm
12:47 Farm
12:48 Farm
12:48 Farm
12:50 Farm
12:50 Farm
12:51 Farm
13:30 Guard Tower
13:35 Farm
13:35 Farm
14:44 Town Hall
14:46 Arcane Vault
16:11 Scout Tower
16:12 Scout Tower
16:58 Castle
17:11 Guard Tower
17:11 Guard Tower
24:27 Gryphon Aviary
24:28 Gryphon Aviary
» items
| Staff of Teleportation | 1 | |
| Scroll of Town Portal | 1 | |
| Boots of Speed | 2 | |
| Potion of Invisibility | 3 | |
| Potion of Healing | 1 | |
| Potion of Mana | 6 | |
| Potion of Lesser Invulnerability | 1 | |
| Scroll of Regeneration | 1 | |
| Lesser Clarity Potion | 1 | |
17 total
Caesar_ (
blue | 15 APM | 124 actions | 08:04)
1 Blood Mage
1 Flame Strike
» actions
| Build / train | 21 | |
| Enter build submenu | 15 | |
| Enter hero's abilities submenu | 1 | |
| Remove unit from queue | 1 | |
| Right click | 16 | |
| Select / deselect | 49 | |
| Use ability | 21 | |
124 total
» units
» upgrades
» buildings
| Altar of Kings | 1 | |
| Farm | 8 | |
| Lumber Mill | 1 | |
| Scout Tower | 1 | |
| Arcane Tower | 1 | |
| Blacksmith | 1 | |
| Keep | 1 | |
| Castle | 1 | |
| Workshop | 3 | |
18 total
» build order
00:34 Altar of Kings
00:40 Farm
00:58 Lumber Mill
01:23 Farm
01:42 Scout Tower
02:17 Arcane Tower
02:21 Blacksmith
03:08 Keep
03:13 Farm
03:56 Farm
03:59 Farm
04:52 Farm
04:54 Farm
05:37 Castle
05:43 Farm
05:47 Workshop
05:49 Workshop
05:52 Workshop
Chat log
(00:08 / All) MuhNlg.guh: AVE CÆSAR!
(00:09 / Allies) skizzymars.: mass rush
(00:16 / All) WHITE.WALTER.: hale NCR
(00:18 / All) MuhNlg.guh: IULIUS, MI AMICE ET IMPERATOR!
(00:29 / All) WHITE.WALTER.: who the fock is the leasder of ncr anyways
(00:46 / All) MuhNlg.guh: President Kimball
(00:48 / All) MuhNlg.guh: or whatever
(00:51 / All) Caesar_: your life goes bye bye
(01:03 / All) sunshine27: hex time!
(01:16 / All) Caesar_: watch in Time
(01:29 / Allies) skizzymars.: mass erush
(01:33 / All) Caesar_: your life goes bye bye
(01:33 / All) WHITE.WALTER.: wut is that
(01:36 / All) GutEatinInjun: If kimball gets assassinated
(01:42 / All) GutEatinInjun: do you fail full game
(01:49 / All) Caesar_: nigger please
(01:51 / All) MuhNlg.guh: that kimball assassination quest as Legion was fun as hell
(02:02 / All) GutEatinInjun: If you're doing the ncr
(02:04 / All) WHITE.WALTER.: i operated on him and made him die i think
(02:12 / All) Caesar_: The Twelve Tribes of ISRAEL
(02:33 / All) MuhNlg.guh: Romans hated Jews, hacker
(02:36 / All) Caesar_: POWER FRom The LION
(02:45 / All) Caesar_: OF THE TRIBE OF JUDAH
(02:47 / All) Caesar_: AMEN
(02:51 / All) Caesar_: nigger please
(03:20 / All) Caesar_: POWER FROM THE LION
(03:22 / All) Caesar_: OF
(03:23 / All) Caesar_: THE
(03:26 / All) Caesar_: TRIBE
(03:27 / All) Caesar_: OF
(03:30 / Allies) skizzymars.: meet soonish
(03:31 / All) Caesar_: AMEN
(03:34 / All) Caesar_: THE
(03:35 / All) MuhNlg.guh: kill yourself
(03:36 / All) Caesar_: HOLY
(03:37 / All) Caesar_: ONE
(03:38 / All) Caesar_: OF
(03:40 / All) Caesar_: ISRAEL
(03:42 / All) Caesar_: AMEN
(03:47 / All) MuhNlg.guh: You are no Cæsar of mine
(03:48 / All) Caesar_: nigger please
(03:48 / All) sunshine27: s
(03:51 / Allies) sunshine27: h
(03:53 / Allies) sunshine27: u
(03:54 / Allies) sunshine27: t
(03:55 / Allies) sunshine27: u
(03:56 / Allies) sunshine27: p
(04:12 / Allies) skizzymars.: meet
(04:24 / All) Caesar_: you are children of the lesser kind born inferior fetus lesser human beings
(04:25 / All) MuhNlg.guh: I shall do as Armenius did to the Legions and crush you
(04:33 / All) Caesar_: you are but a egg
(04:35 / All) Caesar_: kid
(04:43 / Allies) MuhNlg.guh: hit here
(04:47 / All) Caesar_: WE ARE THE NAZARITES
(04:49 / Allies) skizzymars.: u go there
(04:55 / Allies) MuhNlg.guh: hit there
(05:00 / Allies) MuhNlg.guh: we all hit one place
(05:03 / All) Caesar_: POWER
(05:04 / All) Caesar_: FROM
(05:05 / All) Caesar_: THE
(05:07 / All) Caesar_: LION
(05:08 / All) Caesar_: OF
(05:09 / All) Caesar_: THE
(05:12 / All) Caesar_: TRIBE
(05:12 / Allies) skizzymars.: oj
(05:13 / All) Caesar_: OF
(05:14 / All) Caesar_: JUDAH
(05:17 / All) Caesar_: AMEN
(05:19 / All) Caesar_: ISRAEL
(05:33 / All) Caesar_: you are but a egg kidd
(05:36 / Allies) MuhNlg.guh: hit there not creep
(05:48 / Allies) skizzymars.: go?
(05:52 / All) sunshine27: sending
(05:53 / Allies) skizzymars.: u were the noob creeping
(05:58 / Allies) skizzymars.: i said meet 5 minutes ago
(06:06 / Allies) MuhNlg.guh: you were on the wrong side of the map. noob
(06:06 / All) Caesar_: you are but a egg
(06:27 / All) MuhNlg.guh: Death to Caesar
(06:34 / Allies) skizzymars.: u obv mh doe
(06:39 / All) Caesar_: Death Comes to your family
(06:53 / All) sunshine27: hex u up
(06:55 / All) Caesar_: your entire family is going to DIE
(06:58 / All) MuhNlg.guh: Death always to tyrants
(07:08 / All) MuhNlg.guh: Et tu, brute?
(07:16 / All) Caesar_: I will destroy your entire family
(07:20 / All) Caesar_: DEATH
(07:35 / All) sunshine27: with your pc
(07:48 / All) Caesar_: DEATH to your family
(07:48 / All) GutEatinInjun: pink is reatrded
(07:55 / All) Caesar_: DIE bitch
(08:01 / All) MuhNlg.guh: You are a dead bitch
(08:03 / All) sunshine27: whos your daddy?
(08:29 / Allies) MuhNlg.guh: wood please
(08:37 / Allies) MuhNlg.guh: ty
(09:00 / Allies) MuhNlg.guh: getting air
(09:05 / Allies) MuhNlg.guh: and hawks and shit for towers
(09:31 / Allies) skizzymars.: fiends towers
(10:46 / All) WHITE.WALTER.: fucking hackers lol
(10:50 / All) skizzymars.: ?
(11:02 / All) skizzymars.: bc u towered/
(11:04 / All) skizzymars.: ?
(12:16 / Allies) MuhNlg.guh: b
(13:20 / All) WHITE.WALTER.: i know u hack oj
(13:22 / All) WHITE.WALTER.: why did u hit yellow
(13:32 / All) sunshine27: watever dude
(14:43 / Allies) MuhNlg.guh: I don't need you stealing my xp fag
(14:54 / Allies) MuhNlg.guh: with 1 hero
(15:02 / Allies) skizzymars.: fuckin douche. i agev u wood . why u gotta creep when i was tehre forsty
(15:13 / Allies) MuhNlg.guh: you weren't creeping the merc creeps by yourself
(15:15 / Allies) MuhNlg.guh: douche
(15:22 / Allies) skizzymars.: i have units at base/
(15:29 / Allies) skizzymars.: u dont gotta tk
(15:31 / Allies) skizzymars.: thats fucked up
(15:35 / Allies) MuhNlg.guh: I'm not tking
(15:39 / Allies) MuhNlg.guh: just didn't want you taking my xp
(15:43 / Allies) MuhNlg.guh: it was rightfully mine
(15:43 / Allies) skizzymars.: u tried to kill my hero and made me tp faggit
(15:45 / Allies) FCB: ??
(15:52 / Allies) skizzymars.: YTHAT WAS BY MY FUCKIN BASE
(15:58 / Allies) MuhNlg.guh: It was rightfully mine
(16:03 / Allies) MuhNlg.guh: by right of conquest those were my creeps
(16:05 / Allies) skizzymars.: no .. i was there first
(16:09 / Allies) MuhNlg.guh: you don't own it just for it being closest to your land
(16:11 / Allies) skizzymars.: and it was right by me
(16:13 / Allies) MuhNlg.guh: your 1 hero wasn't going to fucking creep all that
(16:17 / Allies) MuhNlg.guh: you fucking douchebag leecher
(16:18 / Allies) skizzymars.: what makes it right to be yours?
(16:24 / Allies) MuhNlg.guh: I had the units
(16:26 / Allies) MuhNlg.guh: you had one fucking hero
(16:28 / Allies) MuhNlg.guh: you little faggot
(16:40 / Allies) sunshine27: pathetic
(16:42 / Allies) MuhNlg.guh: you weren't creepign fucking thunder lizards with a dark ranger
(16:44 / Allies) skizzymars.: this proves you have real life problems
(16:54 / Allies) MuhNlg.guh: you are a real life problem
(17:02 / Allies) MuhNlg.guh: kill yourself
(17:26 / All) skizzymars.: purp is a flamer
(17:29 / All) skizzymars.: no teammate
(17:37 / All) MuhNlg.guh: teal thinks that he can creep thunder lizards and shit with 1 dark ranger
(17:42 / All) MuhNlg.guh: and it's his xp because it's near his base
(17:43 / All) skizzymars.: doesnt even know what the concept of a team is
(17:47 / All) MuhNlg.guh: doesn't matter I'm the one with units
(18:00 / All) MuhNlg.guh: team work is when your ally doesn't take all your xp selfishly
(18:06 / All) skizzymars.: IT WAS A FUCKING GREEN I WAS LVL 3 HERO
(18:12 / All) MuhNlg.guh: you were following me to the hard creeps dude
(18:15 / All) skizzymars.: u were lvl 5 retard
(18:20 / All) skizzymars.: U CANT LEVEL UP
(18:21 / Allies) MuhNlg.guh: no
(18:23 / All) MuhNlg.guh: no
(18:24 / All) MuhNlg.guh: I was level 4
(18:28 / All) MuhNlg.guh: watch the replay dipshit
(18:29 / Allies) FCB: omg
(18:35 / All) MuhNlg.guh: I was level 4 going for 5
(18:39 / All) MuhNlg.guh: you would've prevented me from getting it
(18:45 / All) MuhNlg.guh: little fagdick
(18:49 / All) skizzymars.: i was almost lvl 4
(18:57 / All) skizzymars.: learn to play as a team . maybe youll win for once
(19:01 / All) WHITE.WALTER.: lawl
(19:01 / All) sunshine27: people and their anger smh
(19:03 / All) WHITE.WALTER.: 1v4
(19:04 / All) WHITE.WALTER.: wtf
(19:22 / All) MuhNlg.guh: Raped
(19:47 / All) WHITE.WALTER.: disc hacker?
(20:02 / All) WHITE.WALTER.: oj lagged then me
(20:44 / All) sunshine27: help me
(20:45 / All) MuhNlg.guh: Orange what do you think abotu this game?
(20:46 / All) MuhNlg.guh: good 4v4?
(20:50 / All) MuhNlg.guh: k
(20:52 / All) MuhNlg.guh: omw to help
(20:59 / All) sunshine27: lol
(21:01 / All) MuhNlg.guh: fuck dude
(21:03 / All) MuhNlg.guh: that's a lot of units
(21:03 / All) sunshine27: damn purp
(21:10 / All) MuhNlg.guh: I can't defeat that shit
(21:29 / All) WHITE.WALTER.: LOL
(21:35 / All) sunshine27: but your mass towers can lol
(21:45 / All) MuhNlg.guh: damn straight watch this
(21:54 / All) MuhNlg.guh: pro u know?
(21:56 / All) MuhNlg.guh: I'm pro
(21:58 / All) sunshine27: watch u fall lol
(22:24 / All) MuhNlg.guh: see orange?
(22:25 / All) MuhNlg.guh: I'm pro
(22:50 / All) sunshine27: whats green up to?
(22:56 / All) MuhNlg.guh: invisibility hack
(23:01 / All) MuhNlg.guh: apparently
(23:18 / All) sunshine27: he's nooobing lol
(23:21 / All) GutEatinInjun: Guys I must apologize
(23:27 / All) GutEatinInjun: I am deeply sorry but I mmust got afk
(23:30 / All) GutEatinInjun: to watch redneck island
(23:33 / All) WHITE.WALTER.: lawl
(23:36 / All) WHITE.WALTER.: wut is the name of the show
(23:41 / All) GutEatinInjun: redneck island
(23:46 / All) GutEatinInjun: Steve Austin is the host
(23:50 / All) sunshine27: its lezbo porn
(23:53 / All) WHITE.WALTER.: the real title i mean cant be called that
(23:55 / All) GutEatinInjun: When you hear that glass shatter, then you know your ass is grass
(24:00 / All) GutEatinInjun: and Steve Austin is the lawnmower
(24:10 / All) GutEatinInjun: And that's the bottom line CUZ STONE COLD SAID SO
(24:14 / All) GutEatinInjun: yeehaw
(24:53 / All) WHITE.WALTER.: hit pink
(27:04 / All) sunshine27: where the hell are they?
(27:05 / All) WHITE.WALTER.: standoff?
(27:37 / All) sunshine27: stop sitting around and attack purp
(27:40 / All) sunshine27: wtf
(27:44 / All) MuhNlg.guh: k
(27:44 / All) MuhNlg.guh: omw
(27:45 / All) WHITE.WALTER.: wtf
(27:51 / All) GutEatinInjun: stop being a backseat driver orange
(27:52 / All) MuhNlg.guh: I was macroing
(27:53 / All) WHITE.WALTER.: this is a wierd game nobody is attackign each other
(27:56 / All) WHITE.WALTER.: or taking a long ass time
(28:04 / All) GutEatinInjun: You got your anus hole caved in by my mighty armies
(28:06 / All) GutEatinInjun: just deal with that
(28:07 / All) sunshine27: im bored lol
(28:18 / All) WHITE.WALTER.: wut is ur favorite video game, oj
(28:26 / All) sunshine27: this
(28:31 / All) WHITE.WALTER.: besides this
(28:41 / All) sunshine27: uummmmm huh?
(28:45 / All) GutEatinInjun: vampire the masquerade bloodlines best vampire game
(28:52 / All) MuhNlg.guh: are you an ape? what was complicated about his question, orange
(29:01 / All) sunshine27: scratch head
(29:22 / All) WHITE.WALTER.: RUN PINKIE
(29:28 / All) WHITE.WALTER.: lalw
(29:30 / All) GutEatinInjun: lol
(29:39 / All) GutEatinInjun: WELL THEN
(29:40 / All) WHITE.WALTER.: oj and blue didnt give a shit about winning
(29:50 / All) GutEatinInjun: I'll let you guys handle the particulars
(29:58 / All) MuhNlg.guh: Bad luck orange
(30:00 / All) MuhNlg.guh: You lose
(30:01 / All) GutEatinInjun: Always remember, vampire the masquerade bloodlines is the best vampire game
(30:12 / All) sunshine27: watever
(30:13 / All) MuhNlg.guh: YOU LOSE
(30:14 / All) MuhNlg.guh: LITTLE FAG
(30:15 / All) MuhNlg.guh: LEAVE
(30:35 / All) sunshine27: poor purp has mental issues
(30:42 / All) MuhNlg.guh: GOOD WORK
(30:43 / All) MuhNlg.guh: NICE
(30:45 / All) WHITE.WALTER.: who loses
(30:47 / All) MuhNlg.guh: DONT EVEN HAVE TO KILL MY OWN SHIT
(30:50 / All) MuhNlg.guh: I DO NOT CARE
(30:51 / All) MuhNlg.guh: MY TEAM
(30:52 / All) MuhNlg.guh: I THINK
(30:56 / All) MuhNlg.guh: SINCE YOU HAVE ONLY 2 LEGIT
(30:57 / All) WHITE.WALTER.: k